AoeStats
← BuRiB//TPXVII

MegaRandom

508112240Analyzed
4v4 RM · 12d ago on Sep 20, 2026· 44m 12s· 8 players
Game mode
Random Map
Map size
Large (8 player)
Population
200
Speed
Normal
Resources
Standard
Victory
Conquest
Starting age
Dark Age
Ending age
Imperial Age
RankedLock teamsTeams togetherTeam positionsShared explorationLock speedFull tech treeHidden civsTurbo modeCheats
Victory
Defeat
🇺🇸 Bulgarians · United States
779
+9
🇺🇸 Spanish · United States
744
+10
🇺🇸 Hindustanis · United States
729
+11
🇺🇸 Byzantines · United States
675
+13
🇺🇸 Vietnamese · United States
632
-11
🇺🇸 Franks · United States
622
-11
🇺🇸 Khmer · United States
610
-11
🇺🇸 Britons · United States
584
-10
HumberV
11:58 Feudal Age
14:54 Wheelbarrow
17:31 Stone Mining
19:50 Double-Bit Axe
23:41 Gold Mining
32:21 Castle Age
33:08 Husbandry
34:32 Pikeman
Dumbzie
0:33 Loom
15:33 Feudal Age
jla
1:47 Loom
13:31 Feudal Age
15:25 Wheelbarrow
16:33 Double-Bit Axe
16:41 Gold Mining
16:34 Horse Collar
16:46 Stone Mining
18:27 Arson
27:04 Forging
26:55 Scale Mail Armor
MoldyShelf59466
0:31 Loom
11:28 Feudal Age
14:50 Double-Bit Axe
16:30 Bloodlines
19:36 Wheelbarrow
BuRiB//TPXVII
7:23 Loom
11:54 Feudal Age
12:22 Double-Bit Axe
16:56 Arson
17:56 Forging
23:14 Scale Mail Armor
29:33 Bloodlines
29:56 Scale Barding Armor
44:06 Castle Age
BuRiB// FiFty
0:30 Loom
15:59 Feudal Age
19:18 Horse Collar
19:44 Double-Bit Axe
20:38 Man-at-Arms
21:08 Arson
24:30 Wheelbarrow
31:43 Castle Age
31:24 Forging
31:15 Scale Mail Armor
32:36 Long Swordsman
33:02 Gambesons
32:42 Elite Skirmisher
34:49 Squires
35:37 Pikeman
BuRiB//Boothey269
0:30 Loom
11:34 Feudal Age
13:44 Wheelbarrow
14:37 Arson
14:16 Man-at-Arms
15:07 Fishing Lines
19:44 Double-Bit Axe
24:56 Castle Age
25:03 Horse Collar
25:16 Stone Mining
25:18 Gold Mining
28:08 Hand Cart
28:35 Bloodlines
29:34 Caravan
31:51 Forging
31:42 Scale Mail Armor
31:48 Scale Barding Armor
31:33 Fletching
31:44 Padded Archer Armor
32:40 Coinage
33:34 Stone Shaft Mining
33:23 Bow Saw
33:24 Heavy Plow
33:24 Elite Skirmisher
34:27 Bodkin Arrow
35:52 Inquisition
40:14 Imperial Age
40:18 Ballistics
40:07 Husbandry
40:01 Gillnets
41:44 Banking
41:25 Guilds
42:41 Chemistry
42:37 Supremacy
41:53 Sappers
42:47 Conscription
42:32 Bracer
42:48 Leather Archer Armor
42:35 Spies/Treason
42:37 Elite Conquistador
43:39 Supremacy
43:10 Light Cavalry
44:26 Chain Barding Armor
44:39 Ring Archer Armor
BuRiB//MaizerPhaser
13:14 Feudal Age
18:36 Castle Age
19:53 Double-Bit Axe
22:47 Gold Mining
26:08 Wheelbarrow
26:09 Forging
27:08 Bloodlines
29:14 Scale Barding Armor
29:11 Horse Collar
30:19 Chain Barding Armor
34:16 Imperial Age
32:46 Chain Barding Armor
33:06 Hand Cart
35:18 Gold Shaft Mining
34:55 Husbandry
34:35 Heavy Camel Rider
35:53 Iron Casting
37:11 Plate Barding Armor
37:37 Blast Furnace
37:27 Imperial Camel Rider
39:02 Fletching
41:02 Bodkin Arrow
42:29 Bracer
Connection lost

Rejoining the realm…

Still unreachable

The connection could not be restored.

Session expired

The server has moved on; the page needs a fresh start.